 Dungeon Crawl Stone Soup version 0.28-a0-691-gad6df49e81 (webtiles) character file.

Game seed: 5177165506432330499

907 Woods the Magician (level 8, -3/56 HPs)
             Began as a Djinni Necromancer on Oct 22, 2021.
             Was an Initiate of Gozag.
             Slain by a hornet zombie (7 damage)
             ... on level 5 of the Dungeon.
             The game lasted 00:17:46 (9818 turns).

Woods the Magician (Djinni Necromancer)             Turns: 9818, Time: 00:17:48

Health: -3/56      AC:  3    Str:  7    XL:     8   Next: 29%
Gold:   339        EV: 13    Int: 19    God:    Gozag SH:  0 Dex: 14

rFire   + + .      SeeInvis .   v - +2 club (spect)
rCold   x . .      Faith    .   (no shield)
rNeg    . . .      Spirit   .   a - +0 robe
rPois   ∞          Reflect  .   (helmet currently unavailable)
rElec   .          Harm     .   k - +0 cloak
rCorr   .          Rampage  .   (no gloves)
Will    .....                   (boots unavailable)
Stlth   ++........              (no amulet)
HPRegen 0.18/turn               e - ring of wizardry
MPRegen 0.00/turn               (no ring)

@: appendages, flying
A: horns 2, flying, sickness immunity, fire resistance 2, cold vulnerability 1,
float, innate caster, hp casting, extra vitality 1
a: End Transformation, Renounce Religion, Potion Petition, Call Merchant, Bribe
Branch


You were on level 5 of the Dungeon.
You worshipped Gozag.
Gozag was aware of your devotion.
You had temporarily grown beastly horns.
You visited 2 branches of the dungeon, and saw 6 of its levels.

You collected 385 gold pieces.
You paid 46 gold pieces to Gozag.

Inventory:

Hand Weapons
 v - a +2 spectral club (weapon)
Missiles
 x - a throwing net
Armour
 a - a +0 robe (worn)
 k - a +0 cloak (worn)
Jewellery
 e - a ring of wizardry (left hand)
 l - a ring of willpower
 n - a ring of willpower
Wands
 t - a wand of paralysis (11)
Scrolls
 b - a scroll of immolation {unknown}
 f - a scroll of amnesia {unknown}
 g - a scroll of brand weapon {unknown}
 h - a scroll of holy word {unknown}
 j - 2 scrolls of teleportation {unknown}
 m - 2 scrolls of identify {unknown}
 o - a scroll of summoning {unknown}
 q - 2 scrolls of torment {unknown}
 s - 2 scrolls of noise {unknown}
 u - 2 scrolls of blinking {unknown}
 w - a scroll of acquirement {unknown}
Potions
 c - a potion of ambrosia {unknown}
 d - a potion of lignification {unknown}
 i - a potion of curing {unknown}
 p - a potion of heal wounds {unknown}
 r - a potion of berserk rage {unknown}


   Skills:
 - Level 3.0 Fighting
 - Level 4.0 Dodging
 - Level 3.0 Stealth
 + Level 6.4 Spellcasting


You couldn't memorise any spells.
You knew the following spells:

 Your Spells              Type           Power      Damage    Failure   Level
a - Pain                  Necr           100%       1d9       1%          1
b - Animate Skeleton      Necr           60%        N/A       1%          1
c - Vampiric Draining     Necr           15%        2d8       1%          3
d - Animate Dead          Necr           15%        N/A       3%          4
e - Agony                 Necr           30%        N/A       9%          5
f - Beastly Appendage     Tmut           60%        N/A       1%          1
g - Wereblood             Tmut           30%        N/A       1%          2
h - Passwall              Tmut/Erth      25%        N/A       1%          2
Your spell library was empty.

Dungeon Overview and Level Annotations

Branches:
Dungeon (5/15)             Temple (1/1) D:4

Altars:
Cheibriados
Dithmenos
Elyvilon
Fedhas
Gozag
Kikubaaqudgha
Makhleb
Nemelex Xobeh
Okawaru
Ru
Sif Muna
Trog
Uskayaw
Vehumet
Wu Jian
Xom
Yredelemnul
Zin
The Shining One

Shops:
D:3 (


Innate Abilities, Weirdness & Mutations

You have temporarily grown beastly horns.
You are flying.
You are immune to sickness and miasma.
You are immune to poison.
Your flesh is very heat resistant. (rF++)
You are vulnerable to cold. (rC-)
You float through the air rather than walking.
You learn spells naturally, not from books.
Your magical power is your life essence.
You have superior vitality. (+4 HP)


Message History

Casting: Beastly Appendage (safe; 1% risk of failure)
Confirm with . or Enter, or press ? or * to list all spells.
You grow a pair of large bovine horns.
The hornet zombie hits you!
You hit the hornet zombie. Your headbutt misses the hornet zombie.
The hornet zombie is heavily damaged.
Your +2 spectral club misses the hornet zombie.
The hornet zombie barely misses you.
The hornet zombie hits you but does no damage.
You barely miss the hornet zombie.
The hornet zombie is heavily damaged.
Your +2 spectral club hits the hornet zombie.
The hornet zombie completely misses your +2 spectral club.
You hit the hornet zombie but do no damage.
The hornet zombie is severely damaged.
Your +2 spectral club hits the hornet zombie.
The hornet zombie hits your +2 spectral club but does no damage.
You hit the hornet zombie.
The hornet zombie is severely damaged.
Your +2 spectral club hits the hornet zombie.
The hornet zombie hits you! The hornet zombie hits you.
You hit the hornet zombie.
The hornet zombie is almost destroyed.
Your +2 spectral club hits the hornet zombie but does no damage.
The hornet zombie hits you!
* * * LOW HITPOINT WARNING * * *
You hit the hornet zombie but do no damage.
The hornet zombie is almost destroyed.
Your +2 spectral club hits the hornet zombie.
The hornet zombie hits your +2 spectral club.
Your spectral weapon shares its damage with you!
* * * LOW HITPOINT WARNING * * *
The hornet zombie misses your +2 spectral club.
You hit the hornet zombie but do no damage.
The hornet zombie is almost destroyed.
Your +2 spectral club barely misses the hornet zombie.
The hornet zombie hits you!
* * * LOW HITPOINT WARNING * * *
The hornet zombie hits you!
You die...
Your body crumbles into a pile of gold.

#########.#.......#
#.#######.#
#.......# #######.#
#.# #.# ## #.# .#
#Z####.######
#@(.......Z..
######.###### .# .#
.# .# .. ##


You could see a hornet zombie and a friendly +2 spectral club (summoned).

Vanquished Creatures
  An ice beast (D:3)
  A necrophage (D:5)
  2 phantoms (D:5)
  2 scorpions
  A bullfrog zombie (D:5)
  2 hounds
  A centaur skeleton (D:4)
  A gnoll shaman (D:5)
  Ijyb (D:4)
  An orc wizard (D:4)
  A hound zombie (D:5)
  A mummy (D:4)
  2 howler monkey skeletons (D:4)
  7 adders
  3 gnolls (D:5)
  3 worms
  2 dart slugs
  16 orcs
  10 bats
  7 endoplasms
  3 giant cockroaches
  7 goblins
  13 hobgoblins
  2 jackals (D:2)
  4 quokkas
  3 ball pythons
  3 frilled lizards
  9 kobolds
  7 rats
116 creatures vanquished.

Notes
Turn   | Place    | Note
-------+----------+-------------------------------------------
     0 | D:1      | Woods the Djinni Necromancer began the quest for the Orb.
     0 | D:1      | Reached XP level 1. HP: 15/15 MP: 0/0
   655 | D:1      | Reached XP level 2. HP: 16/21 MP: 0/0
  1973 | D:1      | Reached XP level 3. HP: 23/25 MP: 0/0
  1973 | D:1      | Learned a level 1 spell: Beastly Appendage
  2398 | D:2      | Reached skill level 4 in Spellcasting
  2618 | D:2      | Reached XP level 4. HP: 17/31 MP: 0/0
  3887 | D:2      | Found a faded altar of an unknown god.
  4288 | D:3      | Noticed an ice beast
  4324 | D:3      | Found Qeigaath's Antique Weapon Shop.
  4536 | D:3      | Reached XP level 5. HP: 23/35 MP: 0/0
  4536 | D:3      | Learned a level 2 spell: Wereblood
  5170 | D:3      | Found a glowing golden altar of the Shining One.
  5376 | D:3      | Reached skill level 5 in Spellcasting
  5867 | D:3      | Killed an ice beast
  5868 | D:3      | Reached XP level 6. HP: 1/40 MP: 0/0
  6279 | D:4      | Found a blossoming altar of Fedhas.
  6407 | D:4      | Found a staircase to the Ecumenical Temple.
  6414 | Temple   | Entered the Ecumenical Temple
  6703 | Temple   | Became a worshipper of Gozag Ym Sagoz the Greedy
  6823 | D:4      | Reached skill level 6 in Spellcasting
  6831 | D:4      | Reached XP level 7. HP: 26/46 MP: 0/0
  6831 | D:4      | Learned a level 2 spell: Passwall
  7318 | D:4      | Found a basalt altar of Yredelemnul.
  7343 | D:4      | Found an iron altar of Okawaru.
  7369 | D:4      | Reached skill level 1 in Fighting
  7919 | D:4      | Found a snail-covered altar of Cheibriados.
  8168 | D:4      | Noticed Ijyb
  8173 | D:4      | Paralysed by Ijyb for 4 turns
  8178 | D:4      | Killed Ijyb
  8641 | D:4      | Found a shadowy altar of Dithmenos.
  8699 | D:5      | Entered Level 5 of the Dungeon
  9287 | D:5      | Reached XP level 8. HP: 48/55 MP: 0/0
  9818 | D:5      | Slain by a hornet zombie

Illustrated notes

Levels and vault maps discovered:
D:1:      co_arrival_square_in_a_square_in_a_square, layout_loops_corners
D:2:      layout_loops_ring, shapermc_ecumenical_altar_mp_highgroup,
          minmay_tromino_v4_c
D:3:      layout_rooms, mainiacjoe_overflow_small_starburst, serial_shops, shop,
          grunt_ministairs_10, grunt_decor_cap, minmay_misc_feat_diagonals,
          minmay_randomly_rotated_circles
D:4:      layout_basic, mainiacjoe_overflow_cross_hatched, slow_altar_1,
          mainiacjoe_overflow_large_starburst, lemuel_coloured_pillars_altar,
          minmay_temple_entry_mist, uniq_ijyb
D:5:      minmay_octagon_keep, layout_basic, serial_shops,
          nicolae_shop_behind_doors
Temple:   nicolae_temple_god_jail

Skill      XL: |  1  2  3  4  5  6  7  8 |
---------------+-------------------------+-----
Spellcasting   | 4 5 6 |  6.4
Fighting       | 2 3 |  3.0
Stealth        | 3 |  3.0
Dodging        | 3 4 |  4.0

Action                   |  1- 3 |  4- 6 |  7- 9 || total
-------------------------+-------+-------+-------++-------
Melee: Club              |       |       |    49 ||    49
       Unarmed           |       |       |    21 ||    21
       Headbutt          |       |       |     9 ||     9
 Cast: Pain              |    49 |    99 |    29 ||   177
       Vampiric Draining |     7 |    28 |    16 ||    51
       Animate Dead      |       |     4 |       ||     4
       Passwall          |       |       |    12 ||    12
       Beastly Appendage |       |       |    10 ||    10
Evoke: Wand              |       |       |     1 ||     1
 Stab: Distracted        |       |       |     1 ||     1
Armor: Robe              |     4 |     5 |    12 ||    21
Dodge: Dodged            |     8 |    13 |    36 ||    57

Table legend: (Time is in decaauts)
 A = Elapsed time spent in this place.
 B = Non-inter-level travel time spent in this place.
 C = Inter-level travel time spent in this place.
 D = Time resting spent in this place.
 E = Time spent auto-exploring this place.
 F = Levels seen in this place.
 G = Mean time per level.
                   A        B        C        D        E       F      G
               +--------+--------+--------+--------+--------+-----+--------+
         Total |   9837 |   9598 |    239 |   3460 |   4744 |   6 | 1639.5 |
       Dungeon |   9649 |   9436 |    213 |   3460 |   4697 |   5 | 1929.8 |
        Temple |    188 |    162 |     26 |      0 |     47 |   1 |  188.0 |
               +--------+--------+--------+--------+--------+-----+--------+

Top non-repeatable levels by time:
     D:1: 2392 daAuts
     D:4: 2174 daAuts
     D:2: 2109 daAuts
     D:3: 1992 daAuts
     D:5: 979 daAuts
  Temple: 188 daAuts
